[Event "42nd Olympiad Baku 2016 Open"]
[Site "Baku"]
[Date "2016.09.04"]
[Round "3.6"]
[White "Duda, Jan-Krzysztof"]
[Black "Bruzon Batista, Lazaro"]
[Result "1-0"]
[ECO "C93"]
[WhiteElo "2675"]
[BlackElo "2623"]
[Annotator ""]
[PlyCount "77"]
[EventDate "2016.??.??"]
[EventCountry "AZE"]
[SourceTitle "playchess.com"]
[Source "ChessBase"]
[WhiteTeam "Poland"]
[BlackTeam "Cuba"]
[WhiteTeamCountry "POL"]
[BlackTeamCountry "CUB"]
[TimeControl "40/5400+30:1800+30"]

1. e4 {(00:00)} e5 {(00:00)} 2. Nf3 {(00:00)} Nc6 {
(00:00)} 3. Bb5 {(00:00)} a6 {(00:00)} 4. Ba4 {(00:
05)} Nf6 {(00:00)} 5. O-O {(00:08)} Be7 {(00:03)} 6. Re1 {
(00:06)} b5 {(00:03)} 7. Bb3 {(00:06)} d6 {(00:06)}
8. c3 {(00:06)} O-O {(00:08)} 9. h3 {(00:05)} h6 {(
01:01)} 10. d4 {(02:31)} Re8 {(00:05)} 11. Nbd2 {(03:15)}
Bf8 {(00:22)} 12. Nf1 {(02:12)} Bb7 {(03:35)} 13. Ng3 {
(00:57)} Na5 {(00:23)} 14. Bc2 {(00:40)} Nc4 {(00:
07)} 15. b3 {(24:33)} Nb6 {(00:17)} 16. Bd2 {(06:39)} g6 {
(14:57)} 17. Bd3 {(09:03)} c6 {(17:43)} 18. Rb1 {(
02:47)} Bg7 {(08:53)} 19. Qc1 {(01:10)} Kh7 {(00:40)} 20.
Qc2 {(00:09)} Rc8 {(02:59)} 21. a4 {(02:48)} Nfd7 {
(12:35)} 22. Bf1 {(03:50)} Nf8 {(19:58)} 23. dxe5 {
(04:50)} dxe5 {(00:05)} 24. c4 {(00:20)} Nbd7 {(00:
12)} 25. b4 {(01:42)} Ne6 {(03:06)} 26. c5 {(12:32)} Qc7 {
(00:58)} 27. Nf5 {(06:08)} Bf8 {(01:20)} 28. Rbd1 {
(00:28)} gxf5 {(07:30)} 29. exf5 {(00:29)} Nf4 {(
04:46)} 30. Bxf4 {(01:06)} exf4 {(00:03)} 31. f6+ {(00:13]
} Kg8 {(00:03)} 32. Qf5 {(00:44)} Nxf6 {(00:16)} 33. Qxf6
{(00:55)} Bg7 {(00:13)} 34. Qf5 {(01:36)} Red8 {(
02:33)} 35. Bd3 {(04:18)} Rd5 {(01:54)} 36. Qh7+ {(00:15)}
Kf8 {(00:02)} 37. Nh4 {(00:40)} Qd8 {(00:53)} 38. Nf5 {
(00:56)} Qf6 {(00:20)} 39. Ne7 {(01:04)} 1-0

[Event "42nd Olympiad Baku 2016 Open"]
[Site "Baku"]
[Date "2016.09.04"]
[Round "3.9"]
[White "Durarbayli, Vasif"]
[Black "Harikrishna, P."]
[Result "1/2-1/2"]
[ECO "C02"]
[WhiteElo "2612"]
[BlackElo "2752"]
[Annotator ""]
[PlyCount "45"]
[EventDate "2016.??.??"]
[EventCountry "AZE"]
[SourceTitle "playchess.com"]
[Source "ChessBase"]
[WhiteTeam "Azerbaijan"]
[BlackTeam "India"]
[WhiteTeamCountry "AZE"]
[BlackTeamCountry "IND"]
[TimeControl "40/5400+30:1800+30"]

1. e4 {(00:00)} e6 {(00:00)} 2. d4 {(00:00)} d5 {(
00:00)} 3. e5 {(00:00)} c5 {(00:00)} 4. c3 {(00:00)} Qb6 {
(00:00)} 5. Nf3 {(00:00)} Nc6 {(00:00)} 6. Be2 {(
00:01)} cxd4 {(00:23)} 7. cxd4 {(02:44)} Nh6 {(00:10)} 8.
Bxh6 {(00:08)} Qxb2 {(01:21)} 9. Nbd2 {(00:04)} gxh6 {
(01:18)} 10. Nb3 {(00:05)} Bb4+ {(16:18)} 11. Kf1 {
(00:05)} Be7 {(00:39)} 12. a3 {(06:38)} a5 {(04:52]
} 13. a4 {(10:04)} Nb4 {(12:12)} 14. Ne1 {(04:35)} Bd7 {
(06:31)} 15. h4 {(00:51)} b6 {(10:27)} 16. Rh3 {(
00:27)} Rc8 {(00:47)} 17. Rb1 {(15:32)} Qa2 {(00:46)} 18.
Ra1 {(03:57)} Qb2 {(00:10)} 19. Rf3 {(21:19)} Bxh4 {
(12:40)} 20. Rb1 {(00:27)} Qa2 {(00:07)} 21. Ra1 {(
00:02)} Qb2 {(00:10)} 22. Rb1 {(07:22)} Qa2 {(00:17)} 23.
Ra1 {(00:02)} 1/2-1/2

[Event "42nd Olympiad Baku 2016 Open"]
[Site "Baku"]
[Date "2016.09.04"]
[Round "3.28"]
[White "Dzhumaev, Marat"]
[Black "Babula, Vlastimil"]
[Result "1/2-1/2"]
[ECO "A46"]
[WhiteElo "2450"]
[BlackElo "2540"]
[Annotator ""]
[PlyCount "76"]
[EventDate "2016.??.??"]
[EventCountry "AZE"]
[SourceTitle "playchess.com"]
[Source "ChessBase"]
[WhiteTeam "Uzbekistan"]
[BlackTeam "Czech Republic"]
[WhiteTeamCountry "UZB"]
[BlackTeamCountry "CZE"]
[TimeControl "40/5400+30:1800+30"]

1. d4 {(00:00)} Nf6 {(00:00)} 2. Nf3 {(00:00)} e6 {
(00:47)} 3. Bf4 {(00:20)} c5 {(02:35)} 4. e3 {(00:
11)} d5 {(01:47)} 5. c3 {(04:23)} Bd6 {(03:28)} 6. Bd3 {
(02:14)} O-O {(04:49)} 7. O-O {(00:21)} b6 {(01:52]
} 8. Re1 {(16:25)} Ba6 {(03:42)} 9. Bxa6 {(03:44)} Nxa6 {
(00:12)} 10. Ne5 {(00:07)} Qc7 {(14:28)} 11. Na3 {(
21:12)} Qb7 {(04:42)} 12. Ng4 {(03:48)} Ne4 {(10:38)} 13.
f3 {(01:33)} Bxf4 {(02:29)} 14. fxe4 {(00:10)} Bg5 {
(12:53)} 15. e5 {(00:10)} f5 {(05:44)} 16. exf6 {(
00:12)} Bxf6 {(00:39)} 17. Qe2 {(06:10)} Nc7 {(01:42)} 18.
Rf1 {(01:01)} Ne8 {(07:25)} 19. Nc2 {(01:08)} Be7 {
(09:54)} 20. Rxf8+ {(01:28)} Bxf8 {(00:08)} 21. Rf1 {
(02:51)} Be7 {(01:09)} 22. Ne1 {(02:34)} Nf6 {(00:
34)} 23. Nxf6+ {(24:53)} Bxf6 {(00:19)} 24. Qg4 {(00:03)}
Qe7 {(01:21)} 25. Nd3 {(00:05)} Rf8 {(03:06)} 26. Qh3 {
(02:11)} g6 {(01:57)} 27. Rf3 {(01:24)} Re8 {(01:
12)} 28. Kf1 {(02:48)} Bg7 {(01:03)} 29. Kf2 {(01:39)} e5
{(02:53)} 30. dxe5 {(00:36)} Bxe5 {(00:42)} 31. Nxe5 {
(00:16)} Qxe5 {(00:03)} 32. Qd7 {(00:07)} Rf8 {(01:
00)} 33. Rxf8+ {(01:11)} Kxf8 {(00:02)} 34. Qxh7 {(01:11)}
Qf5+ {(00:26)} 35. Kg3 {(00:21)} Qg5+ {(00:40)} 36. Kf3 {
(00:16)} Qf5+ {(00:17)} 37. Kg3 {(00:13)} Qg5+ {(
00:12)} 38. Kf3 {(01:10)} Qf5+ {(00:10] Ke4} 1/2-1/2

[Event "42nd Olympiad Baku 2016 Open"]
[Site "Baku"]
[Date "2016.09.04"]
[Round "3.3"]
[White "Edouard, Romain"]
[Black "Anton Guijarro, David"]
[Result "1/2-1/2"]
[ECO "A80"]
[WhiteElo "2635"]
[BlackElo "2630"]
[Annotator ""]
[PlyCount "125"]
[EventDate "2016.??.??"]
[EventCountry "AZE"]
[SourceTitle "playchess.com"]
[Source "ChessBase"]
[WhiteTeam "France"]
[BlackTeam "Spain"]
[WhiteTeamCountry "FRA"]
[BlackTeamCountry "ESP"]
[TimeControl "40/5400+30:1800+30"]

1. d4 {(00:00)} f5 {(00:16)} 2. Nf3 {(00:03)} Nf6 {
(00:11)} 3. Bg5 {(00:14)} e6 {(01:00)} 4. Nbd2 {(
00:24)} Be7 {(00:37)} 5. e3 {(00:36)} O-O {(05:02)} 6. Bd3
{(00:53)} Nc6 {(00:51)} 7. c3 {(04:52)} d5 {(07:39]
} 8. c4 {(12:51)} h6 {(04:12)} 9. Bh4 {(00:47)} g5 {
(06:38)} 10. Bg3 {(00:29)} Ne4 {(01:14)} 11. Ne5 {(
22:37)} Nxg3 {(13:21)} 12. hxg3 {(03:29)} Nxe5 {(03:51)}
13. dxe5 {(00:04)} g4 {(00:14)} 14. Rxh6 {(13:25)} Kg7 {
(01:03)} 15. Rh2 {(00:03)} c6 {(04:15)} 16. Qc2 {(
00:59)} Bd7 {(03:20)} 17. O-O-O {(02:15)} Qb6 {(05:57)}
18. Nb3 {(11:04)} Rh8 {(03:15)} 19. Rdh1 {(01:04)} Rxh2 {
(12:38)} 20. Rxh2 {(00:04)} Qb4 {(00:15)} 21. Qd1 {
(02:33)} Rh8 {(01:23)} 22. Rxh8 {(00:22)} Kxh8 {(
00:03)} 23. cxd5 {(05:32)} cxd5 {(01:04)} 24. Nd4 {(02:27]
} Bc5 {(05:15)} 25. Nc2 {(02:24)} Qb6 {(04:01)} 26. Qh1+ {
(00:14)} Kg7 {(00:18)} 27. Qh4 {(00:04)} Kf7 {(00:
39)} 28. Qh5+ {(04:03)} Ke7 {(01:55)} 29. Qg5+ {(00:04)}
Ke8 {(01:45)} 30. f3 {(00:28)} Bb5 {(04:50)} 31. Bxb5+ {
(01:50)} Qxb5 {(00:06)} 32. Qg6+ {(00:52)} Kd7 {(
00:23)} 33. Qf7+ {(00:22)} Be7 {(00:17)} 34. Qxe6+ {(00:
29)} Kxe6 {(00:06)} 35. Nd4+ {(00:02)} Kxe5 {(00:06)} 36.
Nxb5 {(00:02)} a6 {(03:57)} 37. Nd4 {(00:09)} Bc5 {
(00:56)} 38. Nc2 {(00:03)} Bd6 {(03:00)} 39. Kd2 {(
05:35)} Kf6 {(00:23)} 40. Kd3 {(00:00)} Be5 {(00:00)} 41.
b3 {(01:47)} Bb8 {(08:39)} 42. Kd4 {(14:26)} Ke6 {(
00:16)} 43. fxg4 {(00:12)} fxg4 {(01:35)} 44. e4 {(00:05)}
Ba7+ {(06:27)} 45. Kd3 {(00:06)} a5 {(01:44)} 46. Na3 {
(04:30)} Bf2 {(03:12)} 47. exd5+ {(00:03)} Kxd5 {(
00:05)} 48. Nc4 {(00:04)} Bxg3 {(01:10)} 49. Nxa5 {(06:42]
} b5 {(01:08)} 50. Nb7 {(03:27)} Bc7 {(03:10)} 51. b4 {
(00:06)} Bf4 {(03:14)} 52. Nc5 {(01:17)} Bd6 {(00:
52)} 53. Ne4 {(00:07)} Bxb4 {(01:05)} 54. Nf6+ {(00:03)}
Ke5 {(00:16)} 55. Nxg4+ {(00:03)} Kf4 {(00:13)} 56. Ne3 {
(00:08)} Kg3 {(01:44)} 57. Nf5+ {(00:26)} Kxg2 {(
00:10)} 58. Nd4 {(00:02)} Kg3 {(02:46)} 59. Nxb5 {(00:05)}
Kf4 {(00:12)} 60. Kd4 {(00:04)} Kf5 {(00:19)} 61. Kd5 {
(00:03)} Kf6 {(00:15)} 62. a3 {(00:08)} Bxa3 {(00:
06)} 63. Nxa3 {(00:04] Ke5+ Ke4+} 1/2-1/2

[Event "42nd Olympiad Baku 2016 Open"]
[Site "Baku"]
[Date "2016.09.04"]
[Round "3.20"]
[White "Fejzullahu, Afrim"]
[Black "Romero Barreto, Jaime Jose"]
[Result "0-1"]
[ECO "E63"]
[WhiteElo "2298"]
[BlackElo "2245"]
[Annotator ""]
[PlyCount "62"]
[EventDate "2016.??.??"]
[EventCountry "AZE"]
[SourceTitle "playchess.com"]
[Source "ChessBase"]
[WhiteTeam "Kosovo"]
[BlackTeam "Venezuela"]
[WhiteTeamCountry "KOS"]
[BlackTeamCountry "VEN"]
[TimeControl "40/5400+30:1800+30"]

1. d4 {(00:00)} Nf6 {(00:00)} 2. Nf3 {(00:00)} g6 {
(00:24)} 3. g3 {(03:17)} Bg7 {(00:06)} 4. Bg2 {(00:
06)} O-O {(00:48)} 5. O-O {(00:13)} d6 {(00:17)} 6. c4 {
(00:58)} Nc6 {(09:17)} 7. Nc3 {(04:07)} a6 {(04:56]
} 8. h3 {(05:03)} Rb8 {(20:37)} 9. Bg5 {(10:42)} h6 {
(02:46)} 10. Be3 {(03:21)} Na5 {(16:24)} 11. Nd2 {(
16:51)} b5 {(00:41)} 12. cxb5 {(00:57)} axb5 {(00:07)} 13.
b4 {(00:22)} Nc4 {(01:10)} 14. Nxc4 {(04:57)} bxc4 {
(00:06)} 15. b5 {(00:29)} d5 {(03:22)} 16. a4 {(01:
05)} Bd7 17. Qc1 {(09:41)} c6 {(16:20)} 18. Bf4 {(12:19)}
Rb7 {(00:29)} 19. bxc6 {(01:00)} Bxc6 {(00:06)} 20. a5 {
(01:12)} Ra7 {(05:50)} 21. Qa3 {(01:45)} Qd7 {(03:
26)} 22. Rfb1 {(06:45)} Rfa8 {(06:16)} 23. Rb6 {(06:46)}
Bf8 {(00:17)} 24. Rb8 {(05:41)} Rxb8 {(00:47)} 25. Bxb8 {
(00:05)} Rb7 {(00:54)} 26. Be5 {(00:19)} Ne4 {(05:
49)} 27. a6 {(01:49)} Rb3 {(00:22)} 28. Nxe4 {(03:29)}
Rxa3 {(00:12)} 29. Rxa3 {(00:16)} dxe4 {(00:05)} 30. a7 {
(00:45)} Ba8 {(00:36)} 31. Bxe4 {(00:35)} Bxe4 {(
00:06)} 0-1

[Event "42nd Olympiad Baku 2016 Open"]
[Site "Baku"]
[Date "2016.09.04"]
[Round "3.21"]
[White "Ferreira, Jorge Viterbo"]
[Black "Aderito, Pedro"]
[Result "1-0"]
[ECO "E91"]
[WhiteElo "2511"]
[BlackElo "2315"]
[Annotator ""]
[PlyCount "143"]
[EventDate "2016.??.??"]
[EventCountry "AZE"]
[SourceTitle "playchess.com"]
[Source "ChessBase"]
[WhiteTeam "Portugal"]
[BlackTeam "Angola"]
[WhiteTeamCountry "POR"]
[BlackTeamCountry "ANG"]
[TimeControl "40/5400+30:1800+30"]

1. d4 {(00:00)} Nf6 {(00:00)} 2. c4 {(00:00)} g6 {(
00:57)} 3. Nc3 {(00:18)} Bg7 {(00:15)} 4. e4 {(00:19)} d6
{(00:10)} 5. Nf3 {(00:29)} O-O {(00:43)} 6. Be2 {(
00:16)} Bg4 {(00:17)} 7. Be3 {(00:25)} Nc6 {(00:57)} 8. d5
{(08:35)} Bxf3 {(04:22)} 9. Bxf3 {(01:01)} Na5 {(
00:40)} 10. Be2 {(06:20)} c5 {(00:42)} 11. O-O {(01:45)}
Nd7 {(01:54)} 12. Qd2 {(06:38)} Re8 {(06:53)} 13. b3 {
(06:31)} a6 {(02:18)} 14. Rab1 {(02:38)} b6 {(02:
04)} 15. g3 {(17:00)} e6 {(04:49)} 16. Kg2 {(05:33)} exd5
{(00:27)} 17. exd5 {(00:14)} f5 {(09:47)} 18. Rfe1 {
(04:48)} Ne5 {(02:11)} 19. h3 {(02:18)} Qc7 {(05:
55)} 20. f4 {(04:00)} Nd7 {(01:32)} 21. Bf3 {(01:13)} Nb7
{(02:24)} 22. Bf2 {(01:04)} Nf8 {(00:36)} 23. g4 {(
02:36)} Qf7 {(01:36)} 24. Ne2 {(00:27)} Bh6 {(03:00)} 25.
g5 {(08:14)} Bg7 {(00:22)} 26. h4 {(00:08)} b5 {(
02:13)} 27. h5 {(03:53)} Qc7 {(02:59)} 28. Rh1 {(01:19)}
Re7 {(06:41)} 29. Ng3 {(04:31)} Qa5 {(04:03)} 30. Qc2 {
(05:13)} Qc3 {(01:05)} 31. Qxc3 {(02:01)} Bxc3 {(
00:03)} 32. Ne2 {(00:48)} Bb4 {(03:13)} 33. Rhc1 {(02:48)}
Na5 {(02:05)} 34. Rc2 {(00:42)} Nd7 {(00:18)} 35. Nc1 {
(01:58)} Be1 {(05:47)} 36. Bg1 {(00:54)} Bb4 {(02:
29)} 37. Nd3 {(00:24)} Ba3 {(00:17)} 38. Bf2 {(00:43)} Rb8
{(05:59)} 39. Re1 {(00:19)} Rbe8 {(01:17)} 40. Re6 {
(00:00)} bxc4 {(00:00)} 41. bxc4 {(02:51)} Rxe6 {(
04:46)} 42. dxe6 {(00:41)} Nb6 {(00:23)} 43. hxg6 {(05:45]
} hxg6 {(02:15)} 44. Bd5 {(01:16)} Nxd5 {(00:37)} 45. cxd5
{(00:06)} Rb8 {(01:39)} 46. Be1 {(02:10)} c4 {(06:
57)} 47. Nf2 {(03:26)} Rb5 {(00:33)} 48. Bxa5 {(00:27)}
Rxa5 {(00:26)} 49. Rxc4 {(00:10)} Bc5 {(00:35)} 50. a4 {
(00:14)} Kf8 {(00:28)} 51. Nd3 {(01:01)} Ba3 {(01:
24)} 52. Rd4 {(04:25)} Bc5 {(00:27)} 53. Nxc5 {(03:33)}
Rxc5 {(00:17)} 54. Kf2 {(00:35)} a5 {(00:49)} 55. Ke3 {
(00:53)} Ke8 {(00:19)} 56. Rd1 {(02:08)} Rc4 {(00:
24)} 57. Rh1 {(02:52)} Re4+ {(00:25)} 58. Kd3 {(01:04)}
Rxf4 {(00:50)} 59. Rh8+ {(00:07)} Ke7 {(00:18)} 60. Rh7+ {
(00:06)} Ke8 {(00:14)} 61. Rd7 {(01:03)} Rxa4 {(00:
59)} 62. Rxd6 {(00:08)} Re4 {(00:19)} 63. Ra6 {(00:32)} a4
{(00:15)} 64. Ra7 {(00:24)} Kf8 {(00:39)} 65. Rf7+ {
(00:36)} Ke8 {(00:23)} 66. Rg7 {(00:27)} Re1 {(04:
33)} 67. Rxg6 {(07:01)} a3 {(01:08)} 68. Rg8+ {(00:18)}
Ke7 {(00:01)} 69. Ra8 {(00:07)} Kd6 {(00:32)} 70. g6 {
(01:01)} Rg1 {(02:23)} 71. Ra6+ {(00:17)} Ke7 {(05:
42)} 72. Ra7+ {(00:06)} 1-0

[Event "42nd Olympiad Baku 2016 Open"]
[Site "Baku"]
[Date "2016.09.04"]
[Round "3.33"]
[White "Fier, Alexandr"]
[Black "Wang, Yue"]
[Result "0-1"]
[ECO "C43"]
[WhiteElo "2634"]
[BlackElo "2737"]
[Annotator ""]
[PlyCount "228"]
[EventDate "2016.??.??"]
[EventCountry "AZE"]
[SourceTitle "playchess.com"]
[Source "ChessBase"]
[WhiteTeam "Brazil"]
[BlackTeam "China"]
[WhiteTeamCountry "BRA"]
[BlackTeamCountry "CHN"]
[TimeControl "40/5400+30:1800+30"]

1. e4 {(00:00)} e5 {(00:02)} 2. Nf3 {(00:00)} Nf6 {
(00:04)} 3. d4 {(00:43)} Nxe4 {(00:21)} 4. Bd3 {(
00:06)} d5 {(00:13)} 5. Nxe5 {(00:05)} Nd7 {(00:36)} 6.
Nxd7 {(00:05)} Bxd7 {(00:06)} 7. O-O {(00:05)} Be7 {
(01:13)} 8. Nc3 {(07:34)} Nf6 {(04:00)} 9. Bf4 {(
11:47)} O-O {(04:26)} 10. h3 {(02:35)} c6 {(04:57)} 11.
Ne2 {(01:00)} Re8 {(06:23)} 12. c3 {(00:35)} Nh5 {(
04:52)} 13. Be5 {(02:40)} g6 {(01:58)} 14. Qc2 {(02:54)}
Be6 {(07:55)} 15. Rae1 {(04:22)} f6 {(04:20)} 16. Bh2 {
(03:00)} Bf7 {(07:16)} 17. g4 {(05:13)} Ng7 {(00:
14)} 18. f4 {(00:03)} Bd6 {(06:34)} 19. Kg2 {(03:16)} Qc7
{(01:45)} 20. Bg3 {(00:06)} Qd7 {(14:36)} 21. Bh4 {
(06:26)} f5 {(00:10)} 22. gxf5 {(00:04)} Nxf5 {(00:
30)} 23. Bxf5 {(00:04)} Qxf5 {(01:41)} 24. Qxf5 {(00:05)}
gxf5 {(00:03)} 25. Bf6 {(00:04)} Bg6 {(06:14)} 26. Be5 {
(06:36)} Be7 {(00:07)} 27. Ng3 {(00:04)} Kf7 {(00:
31)} 28. Re3 {(00:40)} Rg8 {(01:17)} 29. Rfe1 {(00:40)}
Rae8 {(01:03)} 30. Bc7 {(00:34)} Bh4 {(05:03)} 31. Rxe8 {
(00:04)} Rxe8 {(00:05)} 32. Rxe8 {(00:06)} Kxe8 {(
00:03)} 33. Bb8 {(00:06)} a6 {(00:10)} 34. a4 {(04:56)}
Kd7 {(00:32)} 35. Kf3 {(05:32)} a5 {(04:47)} 36. Ba7 {
(00:08)} Bd8 {(03:12)} 37. Bc5 {(00:04)} Ke6 {(01:
23)} 38. Ke3 {(01:35)} Be8 {(01:14)} 39. Ne2 {(00:44)} Bh5
{(00:47)} 40. b4 {(00:00)} Bc7 {(00:00)} 41. Ng3 {(
06:24)} Bd1 {(07:17)} 42. bxa5 {(01:36)} Bxa5 {(00:41)}
43. Bb4 {(00:02)} Bc7 {(19:17)} 44. a5 {(00:08)} Kf6 {
(00:11)} 45. Nh1 {(01:50)} Bc2 {(01:50)} 46. Ng3 {(
08:00)} Kg6 {(00:20)} 47. Kf3 {(00:58)} Be4+ {(01:35)} 48.
Ke3 {(00:04)} Bd8 {(04:10)} 49. Ne2 {(03:36)} Bg2 {
(03:53)} 50. Nc1 {(00:09)} Bxh3 {(02:06)} 51. Ke2 {
(03:37)} Bg4+ {(00:28)} 52. Kf1 {(00:03)} Bd1 {(00:
27)} 53. Nd3 {(00:04)} Ba4 {(00:33)} 54. Kg2 {(01:27)} Bb5
{(00:06)} 55. Ne5+ {(08:22)} Kh5 {(00:15)} 56. Kf3 {
(02:58)} Ba6 {(00:59)} 57. Nf7 {(00:34)} Bh4 {(00:
47)} 58. Ne5 {(01:19)} Be1 {(00:08)} 59. Ke3 {(00:07)} Bf1
{(01:24)} 60. Nf7 {(07:48)} Kg6 {(00:43)} 61. Ne5+ {
(00:03)} Kh5 {(00:46)} 62. Nf7 {(00:04)} Ba6 {(00:
12)} 63. Ne5 {(00:02)} Bh4 {(00:15)} 64. Kf3 {(00:16)} Bb5
{(00:33)} 65. Nf7 {(02:46)} Kg6 {(00:15)} 66. Ne5+ {
(00:02)} Kg7 {(00:20)} 67. Nd7 {(07:16)} Ba6 {(00:
16)} 68. Nc5 {(01:22)} Kf7 {(00:26)} 69. Nd7 {(00:10)} h5
{(01:59)} 70. Kg2 {(00:01)} Bd8 {(00:17)} 71. Ne5+ {
(00:20)} Kg7 {(01:01)} 72. Kg3 {(00:57)} Bb5 {(00:
39)} 73. Kh3 {(00:22)} Bf1+ {(00:23)} 74. Kg3 {(00:04)}
h4+ {(00:34)} 75. Kf2 {(00:03)} Bb5 {(00:17)} 76. Kg2 {
(00:13)} Be2 {(00:04)} 77. Kf2 {(01:17)} Bb5 {(00:
37)} 78. Kg2 {(00:02)} Ba6 {(00:04)} 79. Kh2 {(00:35)} Be2
{(01:04)} 80. Kg2 {(00:12)} Bc4 {(01:10)} 81. Kh2 {
(00:08)} Bf1 {(00:35)} 82. Kg1 {(00:04)} Ba6 {(00:
09)} 83. Kg2 {(00:35)} Bb5 {(00:27)} 84. Kh2 {(00:29)} Be2
{(00:15)} 85. Kg2 {(00:12)} Bg4 {(00:28)} 86. Nxc6 {
(01:35)} Bc7 {(00:47)} 87. Ne5 {(00:22)} Kf6 {(00:
22)} 88. Kf2 {(01:32)} Ke6 {(00:08)} 89. Nd3 {(00:17)} Kd7
{(00:12)} 90. Ne5+ {(00:04)} Kc8 {(00:28)} 91. Ng6 {
(02:05)} h3 {(00:31)} 92. Kg3 {(00:13)} Kb8 {(01:
15)} 93. Ne5 {(00:27)} Ka7 {(00:24)} 94. Nd3 {(02:08)} Ka6
{(00:05)} 95. Ne5 {(01:20)} Kb5 {(00:19)} 96. Kh2 {
(01:15)} Bd8 {(00:19)} 97. Kg3 {(03:44)} Bh4+ {(00:
22)} 98. Kh2 {(00:02)} Bf2 {(01:03)} 99. Bd6 {(03:33)} Be1
{(00:54)} 100. Bb4 {(01:19)} Bd2 {(00:39)} 101. Nd3 {
(00:05)} Be3 {(00:25)} 102. Bd6 {(00:48)} Bd2 {(00:
49)} 103. Bb4 {(00:02)} Kc4 {(00:12)} 104. Ne5+ {(00:01)}
Kb3 {(00:28)} 105. Nxg4 {(00:18)} fxg4 {(00:18)} 106. Bd6
{(00:02)} Bxc3 {(00:20)} 107. f5 {(00:12)} Bxd4 {(
00:09)} 108. Kg3 {(00:03)} Bf6 {(01:11)} 109. Kxg4 {(00:
04)} d4 {(00:04)} 110. Kxh3 {(00:10)} d3 {(00:15)} 111.
Bf4 {(00:04)} Kc2 {(00:55)} 112. Kg4 {(00:03)} d2 {
(00:19)} 113. Bxd2 {(00:02)} Kxd2 {(00:05)} 114. Kh5 {
(00:01)} Bd8 {(00:11)} 0-1

[Event "42nd Olympiad Baku 2016 Open"]
[Site "Baku"]
[Date "2016.09.04"]
[Round "3.32"]
[White "Flores, Diego"]
[Black "Robson, Ray"]
[Result "1/2-1/2"]
[ECO "D45"]
[WhiteElo "2595"]
[BlackElo "2674"]
[Annotator ""]
[PlyCount "78"]
[EventDate "2016.??.??"]
[EventCountry "AZE"]
[SourceTitle "playchess.com"]
[Source "ChessBase"]
[WhiteTeam "Argentina"]
[BlackTeam "United States"]
[WhiteTeamCountry "ARG"]
[BlackTeamCountry "USA"]
[TimeControl "40/5400+30:1800+30"]

1. c4 {(00:00)} c6 {(00:00)} 2. Nf3 {(01:05)} d5 {(
00:23)} 3. d4 {(00:40)} Nf6 {(00:33)} 4. Nc3 {(00:10)} e6
{(00:27)} 5. e3 {(00:17)} Nbd7 {(00:33)} 6. Qc2 {(
00:24)} Bd6 {(00:32)} 7. b3 {(01:00)} O-O {(01:19)} 8. Be2
{(01:07)} b6 {(06:20)} 9. O-O {(01:49)} Bb7 {(00:
47)} 10. Bb2 {(00:52)} Qe7 {(05:06)} 11. Rfd1 {(11:41)}
Rac8 {(18:19)} 12. Rac1 {(07:01)} c5 {(07:19)} 13. cxd5 {
(16:24)} exd5 {(01:36)} 14. Bb5 {(15:07)} a6 {(13:
28)} 15. Bxd7 {(01:28)} Qxd7 {(01:22)} 16. dxc5 {(22:06)}
bxc5 {(01:15)} 17. Ne2 {(07:34)} Ne4 {(14:00)} 18. Ng3 {
(02:39)} f5 {(03:19)} 19. Be5 {(01:44)} Be7 {(01:
03)} 20. Nh5 {(04:08)} g6 {(03:11)} 21. Nf4 {(00:04)} g5 {
(01:20)} 22. Ne2 {(00:52)} h6 {(04:42)} 23. Ba1 {(
00:13)} Qe6 {(04:53)} 24. Ne5 {(00:47)} Bf6 {(03:35)} 25.
Nd3 {(00:10)} d4 {(04:14)} 26. f3 {(01:32)} c4 {(
02:20)} 27. bxc4 {(00:59)} Nc3 {(00:22)} 28. Nxc3 {(01:15]
} dxc3 {(00:03)} 29. c5 {(00:06)} Qxe3+ {(00:27)} 30. Kh1
{(00:54)} Rfd8 {(01:27)} 31. Bxc3 {(00:23)} Bxc3 {(
00:15)} 32. Qxc3 {(00:01)} Bxf3 {(00:39)} 33. gxf3 {(00:
40)} Qxf3+ {(00:04)} 34. Kg1 {(00:01)} Qe3+ {(00:39)} 35.
Kg2 {(01:00)} Qe4+ {(00:05)} 36. Kf2 {(01:06)} Qh4+ {
(00:15)} 37. Kg2 {(00:37)} Qe4+ {(00:21)} 38. Kg1 {
(00:24)} Qe3+ {(00:09)} 39. Kf1 {(00:34)} Qf3+ {(
00:35)} 1/2-1/2

[Event "42nd Olympiad Baku 2016 Open"]
[Site "Baku"]
[Date "2016.09.04"]
[Round "3.36"]
[White "Foo, Zhi Rong Benjamin"]
[Black "Davila Blanco, Juan Jose"]
[Result "1-0"]
[ECO "C00"]
[WhiteElo "2233"]
[BlackElo "1904"]
[Annotator ""]
[PlyCount "79"]
[EventDate "2016.??.??"]
[EventCountry "AZE"]
[SourceTitle "playchess.com"]
[Source "ChessBase"]
[WhiteTeam "Singapore"]
[BlackTeam "Puerto Rico"]
[WhiteTeamCountry "SIN"]
[BlackTeamCountry "PUR"]
[TimeControl "40/5400+30:1800+30"]

1. e4 {(00:00)} e6 {(00:00)} 2. b3 {(00:00)} d5 {(
00:05)} 3. Bb2 {(00:00)} Nf6 {(00:54)} 4. e5 {(00:25)}
Nfd7 {(00:11)} 5. f4 {(00:31)} c5 {(03:16)} 6. Qg4 {
(00:15)} Nc6 {(01:29)} 7. Nf3 {(00:06)} g6 {(00:30]
} 8. Be2 {(00:26)} a6 {(01:31)} 9. O-O {(01:28)} b5 {
(01:53)} 10. Nc3 {(00:39)} Bb7 {(04:11)} 11. a4 {(
20:49)} d4 {(13:35)} 12. Ne4 {(08:28)} Nb4 {(02:17)} 13.
Neg5 {(01:32)} Nxc2 {(12:08)} 14. Rac1 {(05:25)} Nb4 {
(04:25)} 15. Nxf7 {(05:47)} Kxf7 {(00:22)} 16. Ng5+ {
(00:08)} Ke8 {(07:04)} 17. Nxe6 {(02:29)} Qb6 {(13:
28)} 18. a5 {(20:41)} Qxa5 {(05:42)} 19. Nxf8 {(12:03)}
Rxf8 {(03:40)} 20. Bxd4 {(00:44)} Rf5 {(11:42)} 21. Be3 {
(03:53)} Qb6 {(01:58)} 22. Qh4 {(04:24)} h5 {(02:
05)} 23. g4 {(00:38)} hxg4 {(03:15)} 24. Bxg4 {(00:12)}
Qc6 {(00:05)} 25. Rf3 {(04:46)} Nd3 {(05:12)} 26. Rcf1 {
(04:22)} Nf8 {(00:46)} 27. Bxf5 {(01:03)} gxf5 {(
00:02)} 28. Qh5+ {(00:02)} Qg6+ {(01:26)} 29. Qxg6+ {(00:
05)} Nxg6 {(00:02)} 30. Rh3 {(00:51)} Be4 {(01:10)} 31.
Rh7 {(00:41)} Ne7 {(00:29)} 32. Ra1 {(00:31)} Kd7 {
(00:21)} 33. Rg7 {(00:36)} a5 {(00:12)} 34. Bf2 {(
00:17)} Nxf2 {(00:21)} 35. Kxf2 {(00:01)} c4 {(00:54)} 36.
bxc4 {(01:25)} b4 {(00:12)} 37. d3 {(00:39)} Bc6 {(
00:55)} 38. d4 {(01:35)} Be4 {(00:01)} 39. d5 {(00:00)} b3
{(00:00)} 40. d6 {(00:00)} 1-0